 Dungeon Crawl Stone Soup version 0.31.0-32-g396128a36d (webtiles) character file.

Game seed: 1297511977729174560

37 spaghetti the Caller (level 3, 0/34 HPs)
             Began as a Naga Summoner on Mar 9, 2024.
             Slain by Sigmund
             ... wielding a +0 scythe of venom
              (6 damage)
             ... on level 2 of the Dungeon.
             The game lasted 00:02:04 (1716 turns).

spaghetti the Caller (Naga Summoner)                Turns: 1716, Time: 00:02:05

Health: 0/34       AC:  6    Str: 10    XL:     3   Next: 41%
Magic:  1/6        EV:  9    Int: 17    God:
Gold:   83         SH:  0    Dex: 11    Spells: 0/6 levels left

rFire   . . .        (no weapon)
rCold   + . .        (no shield)
rNeg    . . .        e - +2 robe {rC+}
rPois   +            (no helmet)
rElec   .            f - +1 cloak
rCorr   .            (no gloves)
SInv    +            (no barding)
Will    .....        (no amulet)
Stlth   ++           (no ring)
HPRegen 0.25/turn    (no ring)
MPRegen 0.10/turn

%: no passive effects
@: attractive, very slightly contaminated, inugami summoned, very slow
A: AC +1, large, see invisible, deformed body, poison resistance, slowness 2,
spit poison 1, naga tail 1
a: Spit Poison


You were on level 2 of the Dungeon.
You visited 1 branch of the dungeon, and saw 2 of its levels.

You collected 83 gold pieces.

Inventory:

Armour
 a - a +0 robe
 e - a +2 robe of cold resistance (worn)
 f - a +1 cloak (worn)
Scrolls
 c - a scroll of identify {unknown}
 d - 3 scrolls of teleportation {unknown}


   Skills:
 + Level 3.0 Fighting
 - Level 1.5 Dodging
 - Level 3.0 Stealth
 - Level 2.0 Spellcasting
 - Level 4.0 Summonings


You couldn't memorise any spells.
You knew the following spells:

 Your Spells              Type           Power      Damage    Failure   Level
a - Summon Small Mammal   Summ           60%        N/A       3%          1
b - Call Imp              Summ           30%        N/A       5%          2
c - Call Canine Familiar  Summ           15%        N/A       11%         3

Your spell library contained the following spells:

 Spells                   Type           Power      Damage    Failure   Level
 Summon Blazeheart Golem  Fire/Summ      8%         N/A       63%         4
 Summon Lightning Spire   Summ/Air       8%         N/A       63%         4


Dungeon Overview and Level Annotations

Branches:
Dungeon (2/15)

Altars:
Qazlal

Annotations:
D:2 Sigmund


Innate Abilities, Weirdness & Mutations

Your serpentine skin is tough. (AC +1)
You have supernaturally acute eyesight. (SInv)
Armour fits poorly on your strangely shaped body.
Your system is resistant to poisons. (rPois)
You cover ground very slowly.
You can spit poison.
You have a snake-like lower body.


Message History

Unknown command.
Unknown command.
You feel sick. Sigmund is attracted toward you.
Unknown command.
Unknown command.
You feel sick.
Sigmund hits you from afar with a +0 scythe of venom.
The nameless horror attacks as it pursues you!
The nameless horror hits you.
You feel your power leaking away.
Unknown command.
Okay, then.
Magic courses through your body.
You feel sick. The nameless horror closely misses you.
Sigmund closely misses you.
Unknown command.
Unknown command.
Unknown command.
You feel less confused.
You feel sick.
You are no longer poisoned.
Sigmund casts a spell.
Sigmund flickers and vanishes for a moment.
The nameless horror hits you but does no damage.
Sigmund is attracted toward you. The bat is attracted toward you.
Unknown command.
Unknown command.
Casting: Call Canine Familiar (quite dangerous; 11% risk of failure)
Confirm with . or Enter, or press ? or * to list all spells.
You call for your canine familiar and it appears with a howl!
The bat barely misses you. The bat closely misses your inugami.
Sigmund barely misses you. The nameless horror hits you.
* * * LOW HITPOINT WARNING * * *
You feel your power leaking away.
Unknown command.
The bat hits you but does no damage. The bat hits you.
* * * LOW HITPOINT WARNING * * *
The bat barely misses you. Sigmund attacks as he pursues you!
Sigmund hits you from afar with a +0 scythe of venom.
You die...
Sigmund begins carving another notch in his scythe.

#.###....>........ .......
#.................
.......######............#
....... .. #.#'##########
....... #.##...†.....#
....... #..'§........#
....... #####§........#
......h##bX@..........#
.....b.<#@###.........#
.....@.#.h# #.........#
.......§..............#
.......#..##..........#
..........##..........#
.########.##..........#
### .......


You could see a nameless horror, Sigmund (invisible), a bat (ally target) and a
friendly inugami (summoned).

Vanquished Creatures
  A dart slug (D:1)
  2 giant cockroaches (D:1)
  3 hobgoblins
  A kobold (D:1)
  A quokka (D:1)
  A ball python (D:1)
  2 bats (D:1)
  3 frilled lizards (D:1)
  2 goblins (D:1)
  A rat (D:1)
17 creatures vanquished.

Vanquished Creatures (collateral kills)
  2 endoplasms (D:1)
  A giant cockroach (D:2)
  2 goblins (D:1)
  A hobgoblin (D:1)
  2 quokkas (D:2)
  3 ball pythons
  A bat (D:2)
  2 frilled lizards (D:1)
  A rat (D:1)
15 creatures vanquished.

Grand Total: 32 creatures vanquished

Notes
Turn   | Place    | Note
-------+----------+-------------------------------------------
     0 | D:1      | spaghetti the Naga Summoner began the quest for the Orb.
     0 | D:1      | Reached XP level 1. HP: 15/15 MP: 3/3
   152 | D:1      | Reached skill level 1 in Fighting
   331 | D:1      | Reached XP level 2. HP: 25/25 MP: 3/5
   354 | D:1      | Learned a level 2 spell: Call Imp
   802 | D:1      | Reached XP level 3. HP: 33/33 MP: 2/6
   806 | D:1      | Learned a level 3 spell: Call Canine Familiar
  1396 | D:2      | Noticed Sigmund
  1448 | D:2      | Found a stormy altar of Qazlal.
  1707 | D:2      | Noticed a nameless horror
  1716 | D:2      | Slain by Sigmund

Illustrated notes

Levels and vault maps discovered:
D:1:      dpeg_cavernosity, layout_loops_ring, hangedman_decor_riveting,
          minmay_pentomino_q2
D:2:      layout_basic, basic_altar, uniq_crazy_yiuf_cottage, uniq_natasha,
          uniq_sigmund

Skill      XL: |  1  2  3 |
---------------+----------+-----
Fighting       | 1 2 3 |  3.0
Dodging        | |  1.5
Stealth        | |  3.0
Spellcasting   | |  2.0
Summonings     | |  4.0

Action                     || total
---------------------------++-------
  Melee: Unarmed           ||   107
         Punch             ||     2
   Cast: Summon Small Mamm ||    17
         Call Imp          ||     9
         Call Canine Famil ||     7
Ability: Spit Poison       ||     5
    Use: Scroll            ||     1
         Potion            ||     2
   Stab: Distracted        ||     1
         Sleeping          ||     1
 Armour: Robe              ||    83
  Dodge: Dodged            ||    65
